AoeStats
← GORGORY

Arabia

503153203Analyzed
1v1 RM · 1mo ago on Aug 30, 2026· 43m 7s· 2 players
Game mode
Random Map
Map size
Tiny (2 player)
Population
200
Speed
Normal
Resources
Standard
Victory
Conquest
Starting age
Dark Age
Ending age
Imperial Age
RankedLock teamsTeams togetherTeam positionsShared explorationLock speedFull tech treeHidden civsTurbo modeCheats
Victory
Defeat
🇺🇸 Vietnamese · United States
1013
+15
🇦🇷 Ethiopians · Argentina
992
-15
GORGORY
5:52 Loom
9:19 Feudal Age
9:51 Double-Bit Axe
10:48 Horse Collar
14:38 Wheelbarrow
19:02 Castle Age
18:32 Stone Mining
18:40 Gold Mining
20:56 Fervor
21:29 Town Watch
24:07 Sanctity
27:29 Squires
27:51 Elite Skirmisher
29:25 Thumb Ring
30:59 Ballistics
30:36 Fletching
30:47 Padded Archer Armor
31:43 Bodkin Arrow
33:03 Leather Archer Armor
35:23 Hand Cart
39:41 Imperial Age
37:49 Arson
38:33 Forging
38:23 Scale Mail Armor
39:06 Murder Holes
40:44 Conscription
41:09 Gold Shaft Mining
40:07 Capped Ram
[AnnD] Duffin_1985
5:46 Loom
9:36 Feudal Age
10:22 Double-Bit Axe
10:18 Horse Collar
16:10 Wheelbarrow
21:04 Castle Age
19:18 Fletching
19:57 Gold Mining
20:49 Padded Archer Armor
21:10 Crossbowman
21:54 Bodkin Arrow
22:57 Bow Saw
23:09 Leather Archer Armor
25:08 Hand Cart
26:04 Stone Mining
26:01 Town Watch
26:58 Ballistics
33:06 Imperial Age
31:54 Heavy Plow
35:25 Two-Man Saw
34:42 Scale Barding Armor
34:39 Bracer
35:41 Chemistry
34:16 Arbalester
36:40 Chain Barding Armor
38:30 Ring Archer Armor
38:42 Plate Barding Armor
39:09 Forging
42:30 Iron Casting
42:39 Bloodlines
42:30 Husbandry
Connection lost

Rejoining the realm…

Still unreachable

The connection could not be restored.

Session expired

The server has moved on; the page needs a fresh start.